 Dungeon Crawl Stone Soup version bcrawl-1.22 (webtiles) character file.

Game seed: 13427974274583585214

14452 pasperui the Nimble (level 12, -16/96 HPs)
             Began as a Gnoll Reaver on May 12, 2020.
             Was a High Priest of Vehumet.
             Shot with a bolt by an orc knight (32 damage)
             ... on level 11 of the Dungeon.
             The game lasted 00:58:12 (12102 turns).

pasperui the Nimble (Gnoll Reaver)                 Turns: 12102, Time: 00:58:13

Health: -16/96     AC: 11    Str: 22    XL:     12   Next: 16%
Magic:  24/24      EV: 19    Int: 22    God:    Vehumet [*****.]
Gold:   694        SH:  3    Dex: 15    Spells: 21/28 levels left

rFire    . . .     SeeInvis .   F - +1 great sword
rCold    . . .     Gourm    .   (shield currently unavailable)
rNeg     . . .     Faith    .   b - +0 steam dragon scales
rPois    .         Spirit   .   U - +2 hat
rElec    .         Reflect  .   (no cloak)
rCorr    .         Harm     .   (no gloves)
MR       .....                  C - +2 pair of boots
Stlth    +++.......             (no amulet)
HPRegen  0.26/turn              T - +4 ring of intelligence
MPRegen  0.19/turn              S - +6 ring of strength

@: about to teleport, very slightly contaminated, invisible
A: distributed training, fangs 1, strong nose
a: Renounce Religion


You were on level 11 of the Dungeon.
You worshipped Vehumet.
Vehumet was extremely pleased with you.
You were not hungry.

You visited 1 branch of the dungeon, and saw 11 of its levels.

You collected 694 gold pieces.

Inventory:

Hand Weapons
 a - a cursed -2 arbalest
 i - a +0 hunting sling
 x - a +2 short sword of draining
 B - a +0 halberd
 F - a +1 great sword (weapon)
 L - a +0 longbow
 W - a +0 blowgun
Missiles
 g - 1349 stones
 j - 691 bolts
 k - 1408 arrows
 l - 65 needles of confusion
 n - 1135 sling bullets
 D - 55 tomahawks (quivered)
 K - 231 poisoned needles
Armour
 b - +0 steam dragon scales (worn)
 C - a +2 pair of boots (worn)
 E - a +0 buckler
 O - the +0 chain mail "Waxuplapu" {Dex+4 Slay+3, unknown}
   (You found it on level 6 of the Dungeon)

   It affects your dexterity (+4).
   It affects your accuracy and damage with ranged weapons and melee attacks
   (+3).
 P - a +1 leather armour of poison resistance
 U - a +2 hat (worn)
Magical Staves
 Y - an uncursed staff of power {unknown}
Jewellery
 q - an uncursed ring of protection from magic
 G - an uncursed ring of protection from cold
 N - an uncursed ring of wizardry {unknown}
 S - a +6 ring of strength (right hand)
 T - a +4 ring of intelligence (left hand)
 V - an uncursed ring of protection from cold
 Z - an uncursed ring of positive energy
Wands
 h - a wand of random effects (9)
 t - a wand of flame (34)
 H - a wand of polymorph (6)
 I - a wand of scattershot (7)
 J - a wand of disintegration (27)
 Q - a wand of digging (14)
Scrolls
 c - 2 scrolls of magic mapping
 o - 6 scrolls of remove curse
 p - 2 scrolls of amnesia
 r - 4 scrolls of identify
 u - 2 scrolls of enchant weapon
 v - a scroll of fog {unknown}
 w - 3 scrolls of teleportation
 M - 2 scrolls of fear
 R - a scroll of immolation
 X - a scroll of noise {unknown}
Potions
 d - 3 potions of flight
 m - a potion of lignification
 s - 3 potions of brilliance
 y - a potion of ambrosia {unknown}
 z - 2 potions of curing
 A - a potion of cancellation
Comestibles
 e - 19 rations {!d}


   Skills:
 + Level 9.6 Fighting
 + Level 6.9 Short Blades
 + Level 9.6 Long Blades
 + Level 6.9 Axes
 + Level 6.9 Maces & Flails
 + Level 6.9 Polearms
 + Level 6.9 Staves
 + Level 6.9 Slings
 + Level 6.9 Bows
 + Level 6.9 Crossbows
 + Level 6.9 Throwing
 + Level 6.9 Armour
 + Level 9.6 Dodging
 + Level 6.9 Stealth
 + Level 6.9 Shields
 + Level 6.9 Unarmed Combat
 + Level 8.6 Spellcasting
 + Level 5.7 Conjurations
 + Level 5.7 Hexes
 + Level 5.7 Charms
 + Level 5.7 Summonings
 + Level 5.7 Necromancy
 + Level 5.7 Translocations
 + Level 5.7 Transmutations
 + Level 5.7 Fire Magic
 + Level 5.7 Ice Magic
 + Level 5.7 Air Magic
 + Level 5.7 Earth Magic
 + Level 5.7 Poison Magic
 + Level 7.5 Invocations
 + Level 6.9 Evocations


You had 21 spell levels left.
You knew the following spells:

 Your Spells              Type           Power        Failure   Level  Hunger
a - Flame Tongue          Conj/Fire      ####.        1%          1    None
b - Iskenderun's Battles  Conj/Chrm      ####....     5%          5    #####..
c - Infusion              Chrm           ####....     1%          1    None

Your spell library contained the following spells:

 Spells                   Type           Power        Failure   Level  Hunger
 Mana Rupture             Conj/Hex       ####......   78%         7    #######
 Apportation              Tloc           ####..       1%          1    None
 Sandblast                Erth           ####..       1%          1    None
 Slow                     Hex            ####....     1%          1    None
 Summon Butterflies       Summ           ####....     1%          1    None


Dungeon Overview and Level Annotations

Branches:
Dungeon (11/12)              Lair (0/6) D:9             Orc (0/1) D:10
 Temple: D:4-7       Vaults: D:11-12

Altars:
Elyvilon
Fedhas
Gozag
Kikubaaqudgha
Ru
Trog
Uskayaw
Wu Jian
Xom
The Shining One

Shops:
D:7 [

Annotations:
D:10 5 runed doors, 2 transporters, jojo4K's ghost, journeyman SDBe


Innate Abilities, Weirdness & Mutations

Your experience applies equally to all skills.
You have very sharp teeth.
Your uncanny sense of smell can sniff out nearby items.


Message History

Okay, then.
You feel better. Something barely misses you. Something closely misses you.
The centaur warrior closely misses you. The troll closely misses you.
The troll claws you but does no damage. The troll barely misses you.
Unknown command.
As you read the scroll of fear, it crumbles to dust.
You assume a fearsome visage.
The centaur warrior looks frightened!
The orc knight easily resists.
The orc warrior looks frightened!
The orc looks frightened!
The troll looks frightened!
Something hits you but does no damage. Something bites you but does no damage.
The orc gives up.
The orc knight shoots a bolt.
The bolt misses you.
Unknown command.
As you read the scroll of teleportation, it crumbles to dust.
You feel strangely unstable. Something hits you.
* * * LOW HITPOINT WARNING * * *
Something bites you but does no damage.
You feel better. Something barely misses you. Something closely misses you.
The orc knight shoots a bolt.
The bolt hits you!!
You die...

#..# #..# #..#
#..# #..# #..#
#..#
###############{.#
...).......c....@#
###############..#
#.o# #..# #To#
#.o# # #..# . ...#
#


You could see an orc knight, a centaur warrior (fleeing), a troll (fleeing), an
orc warrior (fleeing) and an orc (fleeing).

Vanquished Creatures
  A hydra (D:8)
  A centaur warrior (D:10)
  3 two-headed ogres
  An unseen horror (D:11)
  An ugly thing (D:11)
  Maurice (D:8)
  A meliai (D:10)
  3 trolls
  A hornet (D:11)
  2 hippogriffs (D:8)
  2 dream sheep (D:8)
  2 yaks (D:8)
  A wraith (D:10)
  Eustachio (D:5)
  2 wyverns
  2 hungry ghosts (D:6)
  A steam dragon (D:8)
  4 wargs
  Duvessa (D:5)
  An acid dragon (D:9)
  A crocodile (D:8)
  A water moccasin (D:10)
  2 porcupines (D:9)
  4 orc warriors
  4 ice beasts
  4 black bears
  3 phantoms
  5 centaurs
  7 ogres
  6 big kobolds
  3 bullfrogs
  Dowan (D:5)
  A wyvern skeleton (D:6)
  A scorpion (D:5)
  A water moccasin skeleton (D:6)
  7 killer bees
  5 crimson imps
  A bullfrog zombie (D:6)
  4 orc priests
  5 jellies
  8 orc wizards
  7 centaur skeletons
  3 iguanas
  Ijyb (D:5)
  2 worker ants
  A hound zombie (D:9)
  A worker ant zombie (D:7)
  13 adders
  12 gnolls
  A howler monkey skeleton (D:6)
  2 shadow imps
  4 oozes
  2 adder skeletons
  An adder zombie (D:7)
  A worm (D:3)
  4 dart slugs
  5 leopard geckos
  40 orcs
  3 bats
  3 giant cockroaches
  6 goblins
  11 hobgoblins
  10 jackals
  22 kobolds
  3 quokkas
  6 frilled lizards
  2 goblin skeletons (D:4)
  A goblin zombie (D:4)
  3 hobgoblin zombies (D:4)
  A kobold skeleton (D:4)
  A kobold zombie (D:4)
  4 orc zombies (D:4)
  A quokka skeleton (D:3)
  7 rats
  2 butterflies (D:9)
292 creatures vanquished.

Vanquished Creatures (others)
  A fungus (D:9)
1 creature vanquished.

Grand Total: 293 creatures vanquished

Notes
Turn   | Place    | Note
-------+----------+-------------------------------------------
     0 | D:1      | pasperui the Gnoll Reaver began the quest for the Orb.
     0 | D:1      | Reached XP level 1. HP: 23/23 MP: 6/6
    62 | D:1      | Reached XP level 2. HP: 29/29 MP: 7/7
   272 | D:1      | Reached XP level 3. HP: 35/35 MP: 9/9
   274 | D:1      | Reached skill level 5 in Spellcasting
   310 | D:1      | Reached * piety under Vehumet
   310 | D:1      | Offered knowledge of Flame Tongue by Vehumet.
   313 | D:1      | Learned a level 1 spell: Flame Tongue
   651 | D:2      | Reached skill level 1 in Invocations
   705 | D:2      | Found a faded altar of an unknown god.
   783 | D:2      | Reached skill level 1 in Short Blades
   783 | D:2      | Reached skill level 1 in Axes
   783 | D:2      | Reached skill level 1 in Maces & Flails
   783 | D:2      | Reached skill level 1 in Polearms
   783 | D:2      | Reached skill level 1 in Staves
   783 | D:2      | Reached skill level 1 in Slings
   783 | D:2      | Reached skill level 1 in Bows
   783 | D:2      | Reached skill level 1 in Crossbows
   783 | D:2      | Reached skill level 1 in Throwing
   783 | D:2      | Reached skill level 1 in Armour
   783 | D:2      | Reached skill level 1 in Stealth
   783 | D:2      | Reached skill level 1 in Shields
   783 | D:2      | Reached skill level 1 in Unarmed Combat
   783 | D:2      | Reached skill level 1 in Evocations
   807 | D:2      | Reached XP level 4. HP: 34/41 MP: 11/11
  1122 | D:2      | Reached ** piety under Vehumet
  1122 | D:2      | Offered knowledge of Searing Ray by Vehumet.
  1256 | D:2      | Found an ornate altar of the Wu Jian Council.
  1387 | D:3      | Reached skill level 1 in Conjurations
  1387 | D:3      | Reached skill level 1 in Hexes
  1387 | D:3      | Reached skill level 1 in Charms
  1387 | D:3      | Reached skill level 1 in Summonings
  1387 | D:3      | Reached skill level 1 in Necromancy
  1387 | D:3      | Reached skill level 1 in Translocations
  1387 | D:3      | Reached skill level 1 in Transmutations
  1387 | D:3      | Reached skill level 1 in Fire Magic
  1387 | D:3      | Reached skill level 1 in Ice Magic
  1387 | D:3      | Reached skill level 1 in Air Magic
  1387 | D:3      | Reached skill level 1 in Earth Magic
  1387 | D:3      | Reached skill level 1 in Poison Magic
  1461 | D:3      | Reached XP level 5. HP: 38/47 MP: 12/12
  1603 | D:3      | Offered knowledge of Iskenderun's Mystic Blast by Vehumet.
  1839 | D:3      | Reached XP level 6. HP: 41/53 MP: 13/13
  2246 | D:3      | Reached *** piety under Vehumet
  2253 | D:3      | HP: 1/53 [gnoll/+0 club (2)]
  2752 | D:3      | Found a bloodstained altar of Trog.
  2942 | D:4      | Found a glowing golden altar of the Shining One.
  3097 | D:4      | Offered knowledge of Ignite Poison by Vehumet.
  3237 | D:4      | Reached XP level 7. HP: 41/59 MP: 8/15
  3371 | D:4      | Learned a level 5 spell: Iskenderun's Battlesphere
  3825 | D:5      | Entered Level 5 of the Dungeon
  3825 | D:5      | Noticed a two-headed ogre
  3839 | D:5      | Killed a two-headed ogre
  3839 | D:5      | Reached XP level 8. HP: 19/67 MP: 7/17
  4239 | D:5      | Noticed Eustachio
  4469 | D:5      | Noticed Ijyb
  4496 | D:5      | Noticed Dowan
  4526 | D:5      | Killed Ijyb
  4675 | D:5      | Noticed Duvessa
  4700 | D:5      | Killed Duvessa
  4711 | D:5      | Killed Dowan
  4896 | D:5      | Killed Eustachio
  4896 | D:5      | Reached XP level 9. HP: 72/72 MP: 12/18
  4907 | D:5      | Found a white marble altar of Elyvilon.
  5083 | D:6      | Found a blossoming altar of Fedhas.
  5114 | D:6      | Got a smoking chain mail
  5165 | D:6      | Found an opulent altar of Gozag.
  5166 | D:6      | Found a sacrificial altar of Ru.
  5219 | D:6      | Found an opulent altar of Gozag.
  5528 | D:6      | Reached **** piety under Vehumet
  5876 | D:6      | Offered knowledge of Airstrike by Vehumet.
  5937 | D:6      | Reached skill level 5 in Invocations
  6437 | D:7      | Found Onezuuwa's Antique Armour Boutique.
  6823 | D:7      | Found a hide-covered altar of Uskayaw.
  6870 | D:7      | Reached XP level 10. HP: 64/80 MP: 20/20
  7209 | D:8      | Reached skill level 5 in Short Blades
  7209 | D:8      | Reached skill level 5 in Axes
  7209 | D:8      | Reached skill level 5 in Maces & Flails
  7209 | D:8      | Reached skill level 5 in Polearms
  7209 | D:8      | Reached skill level 5 in Staves
  7209 | D:8      | Reached skill level 5 in Slings
  7209 | D:8      | Reached skill level 5 in Bows
  7209 | D:8      | Reached skill level 5 in Crossbows
  7209 | D:8      | Reached skill level 5 in Throwing
  7209 | D:8      | Reached skill level 5 in Armour
  7209 | D:8      | Reached skill level 5 in Stealth
  7209 | D:8      | Reached skill level 5 in Shields
  7209 | D:8      | Reached skill level 5 in Unarmed Combat
  7209 | D:8      | Reached skill level 5 in Evocations
  7329 | D:8      | Found an ancient bone altar of Kikubaaqudgha.
  7559 | D:8      | Noticed Maurice
  7590 | D:8      | Killed Maurice
  7880 | D:8      | Noticed a three-headed hydra
  7906 | D:8      | Killed a three-headed hydra
  7923 | D:8      | Reached ***** piety under Vehumet
  7923 | D:8      | Offered knowledge of Mana Rupture by Vehumet.
  7923 | D:8      | Reached XP level 11. HP: 43/87 MP: 17/22
  8773 | D:9      | Found a staircase to the Lair.
  8776 | D:9      | Reached skill level 5 in Conjurations
  8776 | D:9      | Reached skill level 5 in Hexes
  8776 | D:9      | Reached skill level 5 in Charms
  8776 | D:9      | Reached skill level 5 in Summonings
  8776 | D:9      | Reached skill level 5 in Necromancy
  8776 | D:9      | Reached skill level 5 in Translocations
  8776 | D:9      | Reached skill level 5 in Transmutations
  8776 | D:9      | Reached skill level 5 in Fire Magic
  8776 | D:9      | Reached skill level 5 in Ice Magic
  8776 | D:9      | Reached skill level 5 in Air Magic
  8776 | D:9      | Reached skill level 5 in Earth Magic
  8776 | D:9      | Reached skill level 5 in Poison Magic
  8990 | D:9      | Noticed a two-headed ogre
  9003 | D:9      | Learned a level 1 spell: Infusion
  9012 | D:9      | Killed a two-headed ogre
  9570 | D:9      | Found a shimmering altar of Xom.
  9611 | D:10     | Entered Level 10 of the Dungeon
  9612 | D:10     | Found a staircase to the Orcish Mines.
  9695 | D:10     | Found a glowing golden altar of the Shining One.
  9695 | D:10     | Found a runed door.
  9695 | D:10     | Noticed an angel
 10687 | D:10     | Found a transporter.
 10687 | D:10     | Found a transporter.
 10688 | D:10     | Noticed jojo4K's ghost (journeyman SDBe)
 11116 | D:10     | Noticed a two-headed ogre
 11194 | D:10     | Killed a two-headed ogre
 11214 | D:10     | Found a huge runed gate.
 11214 | D:10     | Found a huge runed gate.
 11215 | D:10     | Found a huge runed gate.
 11216 | D:10     | Found a huge runed gate.
 11223 | D:10     | Noticed a manticore
 11462 | D:11     | Noticed a centaur warrior
 11472 | D:10     | Killed a centaur warrior
 11472 | D:10     | Reached XP level 12. HP: 44/96 MP: 24/24
 11918 | D:11     | Noticed a four-headed hydra
 12084 | D:11     | Noticed a centaur warrior
 12097 | D:11     | HP: 2/96 [centaur warrior (4)]
 12102 | D:11     | Shot with a bolt by an orc knight

Skill      XL: |  1  2  3  4  5  6  7  8  9 10 11 |
---------------+----------------------------------+-----
Spellcasting   | 5 6 7 8 |  8.6
Invocations    | 1 2 3 4 5 6 7 |  7.5
Short Blades   | 1 2 3 4 5 6 |  6.9
Axes           | 1 2 3 4 5 6 |  6.9
Maces & Flails | 1 2 3 4 5 6 |  6.9
Polearms       | 1 2 3 4 5 6 |  6.9
Staves         | 1 2 3 4 5 6 |  6.9
Slings         | 1 2 3 4 5 6 |  6.9
Bows           | 1 2 3 4 5 6 |  6.9
Crossbows      | 1 2 3 4 5 6 |  6.9
Throwing       | 1 2 3 4 5 6 |  6.9
Armour         | 1 2 3 4 5 6 |  6.9
Stealth        | 1 2 3 4 5 6 |  6.9
Shields        | 1 2 3 4 5 6 |  6.9
Unarmed Combat | 1 2 3 4 5 6 |  6.9
Evocations     | 1 2 3 4 5 6 |  6.9
Conjurations   | 1 2 3 4 5 |  5.7
Hexes          | 1 2 3 4 5 |  5.7
Charms         | 1 2 3 4 5 |  5.7
Summonings     | 1 2 3 4 5 |  5.7
Necromancy     | 1 2 3 4 5 |  5.7
Translocations | 1 2 3 4 5 |  5.7
Transmutations | 1 2 3 4 5 |  5.7
Fire Magic     | 1 2 3 4 5 |  5.7
Ice Magic      | 1 2 3 4 5 |  5.7
Air Magic      | 1 2 3 4 5 |  5.7
Earth Magic    | 1 2 3 4 5 |  5.7
Poison Magic   | 1 2 3 4 5 |  5.7
Fighting       | 7 8 9 |  9.6
Long Blades    | 7 8 9 |  9.6
Dodging        | 7 8 9 |  9.6

Action                   |  1- 3 |  4- 6 |  7- 9 | 10-12 || total
-------------------------+-------+-------+-------+-------++-------
Melee: Long sword        |   149 |   234 |    48 |       ||   431
       Bite              |     8 |    27 |    33 |    58 ||   126
       Punch             |       |     3 |       |       ||     3
       Great sword       |       |       |   240 |   444 ||   684
       Short sword       |       |       |       |     3 ||     3
Throw: Tomahawk          |       |       |     1 |     9 ||    10
 Cast: Flame Tongue      |     1 |    32 |    56 |    55 ||   144
       Iskenderun's Batt |       |       |       |     2 ||     2
       Infusion          |       |       |       |     1 ||     1
  Use: Scroll            |     2 |     1 |     1 |    10 ||    14
       Potion            |       |     2 |     2 |     4 ||     8
 Stab: Sleeping          |     2 |     3 |     6 |     9 ||    20
       Distracted        |       |       |       |     2 ||     2
  Eat: Chunk             |       |     8 |     8 |    15 ||    31
       Ration            |       |       |     2 |     1 ||     3
Armor: Steam dragon scal |    32 |    56 |    83 |   167 ||   338
Dodge: Dodged            |   127 |   184 |   300 |   538 ||  1149
Block: Other             |     7 |     9 |    16 |    57 ||    89
       Buckler           |       |       |     8 |       ||     8
